 Dungeon Crawl Stone Soup version 0.29.1-1-gd02db6906a (webtiles) character file.

Game seed: 126481902273925988

6 Ashen the Firebug (level 1, 0/13 HPs)
             Began as a Demonspawn Fire Elementalist on Oct 5, 2022.
             Slain by an endoplasm (2 damage)
             ... on level 1 of the Dungeon.
             The game lasted 00:01:00 (433 turns).

Ashen the Firebug (Demonspawn Fire Elementalist)     Turns: 433, Time: 00:01:01

Health: 0/13       AC:  3    Str:  8    XL:     1   Next: 75%
Magic:  0/3        EV: 12    Int: 16    God:
Gold:   13         SH:  0    Dex: 13    Spells: 3/4 levels left

rFire   . . .      SeeInvis .   (no weapon)
rCold   . . .      Faith    .   (no shield)
rNeg    . . .      Spirit   .   a - +0 robe
rPois   .          Reflect  .   (no helmet)
rElec   .          Harm     .   c - +0 cloak
rCorr   .          Rampage  .   (no gloves)
Will    .....                   (no boots)
Stlth   ++........              (no amulet)
HPRegen 0.04/turn               (no ring)
MPRegen 0.08/turn               (no ring)

@: no status effects
A: no striking features
a: no special abilities


You were on level 1 of the Dungeon.
You visited 1 branch of the dungeon, and saw 1 of its levels.

You collected 13 gold pieces.

Inventory:

Armour
 a - a +0 robe (worn)
 c - a +0 cloak (worn)
Scrolls
 d - a scroll of identify {unknown}
Potions
 b - a potion of magic


   Skills:
 + Level 1.9 Dodging
 + Level 1.9 Stealth
 + Level 2.1 Spellcasting
 + Level 1.1 Conjurations
 + Level 2.7 Fire Magic


You had 3 spell levels left.
You knew the following spells:

 Your Spells              Type           Power      Damage    Failure   Level
a - Foxfire               Conj/Fire      32%        2x1d5     9%          1

Your spell library contained the following spells:

 Spells                   Type           Power      Damage    Failure   Level
 Scorch                   Fire           20%        2d6       10%         2
 Conjure Flame            Conj/Fire      8%         6-21      26%         3
 Inner Flame              Hex/Fire       6%         N/A       34%         3
 Flame Wave               Conj/Fire      8%         2d5       65%         4


Dungeon Overview and Level Annotations

Branches:
Dungeon (1/15)

Altars:


Message History

You kill the kobold!
An endoplasm comes into view.
Casting: Foxfire (safe; 9% risk of failure)
Confirm with . or Enter, or press ? or * to list all spells.
You conjure some foxfire!
The endoplasm quivers.
The foxfire hits the endoplasm.
The endoplasm is heavily wounded.
The foxfire hits the endoplasm.
The endoplasm is severely wounded.
Your magical contamination has completely faded away.
You hit the endoplasm but do no damage.
The endoplasm is severely wounded.
The endoplasm closely misses you.
Casting: Foxfire (safe; 9% risk of failure)
Confirm with . or Enter, or press ? or * to list all spells.
You conjure some foxfire!
The endoplasm hits you but does no damage.
You hit the endoplasm.
The endoplasm is almost dead.
The foxfire hits the endoplasm but does no damage.
The endoplasm is almost dead.
The endoplasm hits you.
You hit the endoplasm but do no damage.
The endoplasm is almost dead.
The endoplasm freezes you.
You are frozen.
You hit the endoplasm but do no damage.
The endoplasm is almost dead.
The endoplasm misses you.
You hit the endoplasm but do no damage.
The endoplasm is almost dead.
The endoplasm freezes you.
You are frozen.
* * * LOW HITPOINT WARNING * * *
The endoplasm hits you.
* * * LOW HITPOINT WARNING * * *
The endoplasm attacks as you move away! The endoplasm closely misses you.
The endoplasm attacks as you move away! The endoplasm hits you.
You die...

.##.########
.....).....#
###.######.# #.#
#.#
#J###########
#(##.@...).....#
#...#########.#
#...# #.# #....
#.# #.##.## #.#
..# #.#
#.####### #.#
#.# #.....).. #.
#.# ########## #
#.# ..........


You could see an endoplasm.

Vanquished Creatures
  A giant cockroach (D:1)
  A goblin (D:1)
  A hobgoblin (D:1)
  2 kobolds (D:1)
  A rat (D:1)
6 creatures vanquished.

Vanquished Creatures (others)
  15 foxfires (D:1)
15 creatures vanquished.

Grand Total: 21 creatures vanquished

Notes
Turn   | Place    | Note
-------+----------+-------------------------------------------
     0 | D:1      | Ashen the Demonspawn Fire Elementalist began the quest for
                  | the Orb.
     0 | D:1      | Reached XP level 1. HP: 13/13 MP: 3/3
   433 | D:1      | Slain by an endoplasm

Illustrated notes

Levels and vault maps discovered:
D:1:      psy_arrival_statuary, layout_loops_ring

Action                   || total
-------------------------++-------
Melee: Unarmed           ||    18
 Cast: Foxfire           ||    15
Armor: Robe              ||    13
Dodge: Dodged            ||    12
